 Dungeon Crawl Stone Soup version 0.31.0-11-ge490571c62 (webtiles) character file.

Game seed: 12006594489419644777

208358 MirrMurr the Spry (level 18, -3/149 HPs)
             Began as a Demonspawn Berserker on Feb 8, 2024.
             Was a High Priest of Trog.
             Killed from afar by a nagaraja (14 damage)
             ... with a bolt of poison
             ... on level 4 of the Snake Pit on Feb 9, 2024.
             The game lasted 01:22:45 (39370 turns).

MirrMurr the Spry (Demonspawn Berserker)           Turns: 39370, Time: 01:22:46

Health: -3/149     AC: 32    Str: 19    XL:     18   Next: 12%
Magic:  18/18      EV: 17    Int: 17    God:    Trog [*****.]
Gold:   1734       SH: 12    Dex: 19    Spells: 17/17 levels left

rFire   . . .        a - +9 demon trident (heavy)
rCold   + . .        P - +0 kite shield {reflect}
rNeg    . . .        b - +1 plate armour {rPois}
rPois   +            j - +2 helmet {Int+3}
rElec   .            U - +2 cloak {rPois}
rCorr   .            (gloves unavailable)
SInv    .            t - +3 pair of boots of the Eternal Fruit {+Inv rPois Will- Int+6}
Will    .....        x - amulet of regeneration Stlth
                     h - ring of flight
HPRegen 1.24/turn    m - +5 ring of evasion
MPRegen 0.16/turn

%: reflection
@: lethally poisoned (-3 -> -33), about to teleport, weakened, on berserk
cooldown, flying, slowed, studying 2 skills, very slow
A: icy blue scales 3, spiny 3, demonic magic 3, demonic touch 3
}: 1/15 runes: barnacled
a: Renounce Religion, Evoke Invisibility, Berserk, Trog's Hand, Brothers in Arms


You were on level 4 of the Snake Pit.
You worshipped Trog.
Trog was extremely pleased with you.
You visited 5 branches of the dungeon, and saw 30 of its levels.

You collected 2685 gold pieces.
You spent 951 gold pieces at shops.

Inventory:

Hand Weapons
 a - a +9 heavy demon trident (weapon)
 V - a +6 demon trident of electrocution
Missiles
 r - 10 silver javelins
 s - 17 poisoned darts
 C - 2 curare-tipped darts
 E - 2 datura-tipped darts
 J - 3 throwing nets
 K - 11 javelins
 Q - 57 boomerangs (quivered)
Armour
 b - a +1 plate armour of poison resistance (worn)
 j - a +2 helmet of intelligence (worn)
 t - the +3 pair of boots of the Eternal Fruit (worn) {+Inv rPois Will- Int+6}
   (You found it on level 5 of the Dungeon)

   Int+6:     It affects your intelligence (+6).
   rPois:     It protects you from poison Will-: It decreases your willpower.
   +Inv:      It lets you turn invisible.
 P - a +0 kite shield of reflection (worn)
 U - a +2 cloak of poison resistance (worn)
Jewellery
 e - a ring of see invisible
 h - a ring of flight (left hand)
 m - a +5 ring of evasion (right hand)
 x - an amulet of regeneration (around neck)
 B - a ring of protection from cold
 G - a ring of resist corrosion
 T - a ring of protection from fire
 W - a +4 ring of protection
 Y - a ring of positive energy
Wands
 g - a wand of paralysis (46)
 y - a wand of digging (10)
 H - a wand of roots (10)
 M - a wand of acid (15)
 X - a wand of flame (11)
Scrolls
 i - 3 scrolls of identify
 u - 4 scrolls of silence
 v - 4 scrolls of blinking
 A - 4 scrolls of teleportation
 D - 7 scrolls of revelation
 F - a scroll of poison
 I - 3 scrolls of fog
 N - 2 scrolls of vulnerability
 O - 2 scrolls of fear
 S - 3 scrolls of immolation
Potions
 c - a potion of magic
 d - 3 potions of mutation
 f - 13 potions of curing
 l - a potion of might
 n - 3 potions of enlightenment
 o - a potion of heal wounds
 p - 5 potions of haste
 q - 5 potions of invisibility
 w - 2 potions of berserk rage
 z - 8 potions of cancellation
 L - 15 potions of ambrosia
 R - a potion of resistance
Miscellaneous
 k - a condenser vane
 Z - a sack of spiders


   Skills:
 - Level 15.0 Fighting
 - Level 14.0 Polearms
 - Level 10.0 Throwing
 * Level 12.4 Armour
 - Level 15.1 Dodging
 - Level 10.0 Shields
 + Level 13.8 Evocations


You had 17 spell levels left.
You didn't know any spells.
Your spell library was empty.

Dungeon Overview and Level Annotations

Branches:
Dungeon (15/15)            Temple (0/1) D:6            Lair (5/5) D:11
 Shoals (4/4) Lair:2        Snake (4/4) Lair:3        Slime (0/5) Lair:4
    Orc (2/2) D:10            Elf (0/3) Orc:2        Vaults (0/5) D:14
 Depths (0/4) D:15

Altars:
Dithmenos
Qazlal
Vehumet
Xom
Yredelemnul

Shops:
D:5 *::!   D:6 *   D:8 *   Orc:2 (**[   Shoals:3 **   Shoals:4 *   Snake:1 :==
Snake:4 :

Annotations:
D:11 3 runed translucent doors, Marvel's ghost, journeyman SpCj


Innate Abilities, Weirdness & Mutations

You are completely covered in icy blue scales. (AC +4, rC+)
You are completely covered in sharp spines.
Spells you cast and wands you use may paralyse nearby enemies.
Your touch may irresistibly damage your foes and sap their willpower.


Message History

The salamander unwields a +0 shortbow of flaming.
It stops flaming.
The salamander misses you.
You completely miss the naga sharpshooter.
The naga sharpshooter is almost dead.
The nagaraja is struck by your spines. The nagaraja misses you.
The naga sharpshooter shoots an arrow.
You block the arrow with your +0 kite shield of reflection... and reflect it back!
The arrow hits the naga sharpshooter!
You kill the naga sharpshooter!
Trog accepts your kill.
Trog appreciates your killing of a magic user.
You are no longer berserk.
You are exhausted.
You feel yourself slow down.
The nagaraja hits you from afar with a +0 spear!!
* * * LOW HITPOINT WARNING * * *
The nagaraja spits poison at you. The splash of poison hits you!
You are poisoned.
You resist.
* * * LOW HITPOINT WARNING * * *
The salamander is struck by your spines.
The salamander closely misses you.
The naga warrior hits you from afar with a +0 halberd.
* * * LOW HITPOINT WARNING * * *
Things that are here:
a +0 shortbow; a +0 short sword
Okay, then.
As you read the scroll of teleportation, it crumbles to dust.
You feel strangely unstable.
* * * LOW HITPOINT WARNING * * *
You feel extremely sick. The nagaraja spits poison at you.
The splash of poison hits you.
You are lethally poisoned!
You resist.
* * * LOW HITPOINT WARNING * * *
The nagaraja casts a spell at you. The bolt of poison hits you! You resist.
You die...

...#.....†.≈§§......#............
...#....).≈≈≈§......#............
...#..§§.§§§≈≈≈§§...#......###...
..##..≈§§§§§§≈≈≈§§..##...### ##..
.##...§§≈≈§≈≈≈§§§≈...##### ###
##...≈§§########§§≈§..## #
#§.§≈≈###......###§≈≈.§## #
.§§≈≈##.......N..##≈§≈§.##
§§≈§##........†.@.##§≈§..##
≈≈§##....######N...##§≈§..#######
§§##...### ###N..##≈≈≈..##....
§##...## ##...##≈≈≈§.#....
§#...## ##NN.#≈≈≈..#.... .†...#
.N'#####)#.... ###### #'#..
#.÷)... #.... ##[.... ... #.....


You could see 2 nagarajas, 2 naga warriors, a salamander mystic and a salamander
(strong).

Vanquished Creatures
  Vashnia (Snake:3)
  Jorgrun (Shoals:3)
  3 krakens
  Donald (Snake:3)
  A nagaraja (Snake:4)
  Ilsuiw (Shoals:3)
  Roxanne (Snake:2)
  Aizul (Snake:3)
  A frost giant (Shoals:4)
  An orc warlord (Orc:1)
  A quicksilver ooze (Lair:4)
  A dire elephant (D:15)
  Azrael (D:12)
  A fire dragon (D:15)
  3 merfolk javelineers (Shoals:4)
  11 merfolk impalers
  Harold (D:9)
  5 hydras
  A merfolk avatar (Shoals:4)
  6 merfolk aquamancers
  6 salamander tyrants (Snake:4)
  A death knight (D:15)
  5 anacondas
  A satyr (Shoals:4)
  2 boulder beetles
  5 centaur warriors
  2 tengu warriors (D:14)
  A catoblepas (Lair:1)
  19 death yaks
  3 two-headed ogres
  10 naga warriors
  2 hell hogs (Lair:5)
  2 orc high priests
  15 naga sharpshooters
  4 shock serpents
  6 skeletal warriors (D:15)
  A fire crab (Lair:5)
  3 salamander mystics
  6 skysharks
  18 sea snakes
  4 mana vipers
  Pikel (D:3)
  A naga ritualist (Snake:4)
  A deep elf zephyrmancer (D:12)
  7 harpies
  4 lindwurms
  8 cyclopes
  4 ugly things
  4 orc sorcerers
  8 orc knights
  15 salamanders
  15 manticores
  4 kobold blastminers
  7 fauns
  5 guardian serpents (Snake:4)
  A meliai (shapeshifter) (D:13)
  27 black mambas
  2 molten gargoyles (Lair:5)
  10 merfolk sirens
  2 centaur zombies (D:15)
  16 cane toads
  14 naga magi
  A rime drake (Lair:5)
  3 water nymphs
  A torpor snail (Lair:4)
  A gargoyle (D:11)
  Jeremiah (D:6)
  13 komodo dragons
  A redback zombie (D:15)
  2 freezing wraiths (D:15)
  2 efreet
  3 tengu conjurers
  A harpy zombie (D:15)
  A queen bee (Lair:3)
  6 trolls
  36 merfolk
  A polar bear (Lair:2)
  13 blink frogs
  Grinder (D:4)
  10 snapping turtles
  A hornet (D:9)
  9 wind drakes
  7 slime creatures
  13 dream sheep
  Sigmund (D:2)
  4 shadows
  9 wraiths
  49 yaks
  6 wyverns
  2 fire elementals (D:12)
  2 vampires
  2 basilisks
  3 wargs
  Eustachio (D:6)
  A steam dragon (Lair:5)
  10 water elementals
  12 vampire mosquitoes
  Menkaure (D:5)
  Edmund (D:6)
  39 nagas
  An acid dragon (D:9)
  7 hell hounds
  11 water moccasins
  Duvessa (D:5)
  2 sky beasts
  2 laughing skulls (D:14)
  31 orc warriors
  2 ice beasts (D:6)
  3 black bears (D:6)
  7 ogres
  10 wolves
  5 centaurs
  A phantom (D:5)
  6 bullfrogs
  3 kobold brigands
  Blork the orc (D:4)
  2 gnoll sergeants
  Dowan (D:5)
  31 killer bees
  An electric eel (Lair:1)
  12 howler monkeys
  8 lava snakes
  7 hounds
  12 orc priests
  Crazy Yiuf (D:2)
  20 jellies
  A gnoll bouda (D:9)
  5 sleepcaps
  Terence (D:2)
  3 iguanas
  10 orc wizards
  12 gnolls
  6 adders
  A white imp (D:8)
  4 ufetubi
  A ribbon worm (D:3)
  A dart slug (D:1)
  52 orcs
  8 ball pythons
  10 endoplasms
  5 giant cockroaches
  4 goblins
  7 hobgoblins
  8 jackals (D:1)
  13 kobolds
  7 quokkas
  8 bats
  2 frilled lizards
  5 rats
  8 tentacles
955 creatures vanquished.

Vanquished Creatures (collateral kills)
  A merfolk javelineer (Shoals:4)
  A water nymph (Shoals:4)
  2 merfolk (Shoals:3)
4 creatures vanquished.

Vanquished Creatures (others)
  An orc high priest (Orc:2)
  A manticore (Shoals:4)
  A black mamba (Lair:5)
  19 spectral weapons
  24 tentacles
46 creatures vanquished.

Grand Total: 1005 creatures vanquished

Notes
Turn   | Place    | Note
-------+----------+-------------------------------------------
     0 | D:1      | MirrMurr the Demonspawn Berserker began the quest for the
                  | Orb.
     0 | D:1      | Reached XP level 1. HP: 18/18 MP: 1/1
   194 | D:1      | Gained mutation: You are partially covered in icy blue
                  | scales. (AC +2) [demonic ancestry]
   194 | D:1      | Reached XP level 2. HP: 17/24 MP: 2/2
   398 | D:1      | Gained mutation: You are partially covered in sharp spines.
                  | [demonic ancestry]
   398 | D:1      | Reached XP level 3. HP: 29/29 MP: 3/3
   588 | D:1      | Found a faded altar of an unknown god.
   598 | D:1      | Reached ** piety under Trog
   770 | D:2      | Found a shimmering altar of Xom.
   874 | D:2      | Reached XP level 4. HP: 35/35 MP: 4/4
   952 | D:2      | Noticed Terence
   958 | D:2      | Killed Terence
  1072 | D:2      | Noticed Sigmund
  1085 | D:2      | Killed Sigmund
  1086 | D:2      | Reached XP level 5. HP: 27/41 MP: 5/5
  1338 | D:2      | Found a runed translucent door.
  1339 | D:2      | Noticed Crazy Yiuf
  1350 | D:2      | Killed Crazy Yiuf
  1351 | D:2      | Gained mutation: Your touch may inflict minor irresistible
                  | damage on your foes. [demonic ancestry]
  1351 | D:2      | Reached XP level 6. HP: 21/47 MP: 6/6
  1838 | D:3      | Identified the +5 dagger of the Sugar Beet {heavy, rElec
                  | rC- Will- Dex+9}
  2373 | D:4      | Noticed Pikel
  2375 | D:4      | Noticed Grinder
  2399 | D:3      | Killed Pikel
  2400 | D:3      | Gained mutation: You are mostly covered in sharp spines.
                  | [demonic ancestry]
  2400 | D:3      | Reached XP level 7. HP: 9/58 MP: 7/7
  2580 | D:4      | Killed Grinder
  2581 | D:4      | Gained mutation: You are mostly covered in icy blue scales.
                  | (AC +3) [demonic ancestry]
  2581 | D:4      | Reached XP level 8. HP: 60/67 MP: 8/8
  2670 | D:4      | Found a shimmering altar of Xom.
  2743 | D:4      | Reached *** piety under Trog
  2762 | D:4      | Found a shadowy altar of Dithmenos.
  2889 | D:4      | Noticed Blork the orc
  2906 | D:4      | Killed Blork the orc
  3095 | D:5      | Entered Level 5 of the Dungeon
  3197 | D:5      | Found Qieregea's Book Shoppe.
  3199 | D:5      | Found Zuumilu's Distillery.
  3200 | D:5      | Found Yror's Book Boutique.
  3200 | D:5      | Found Kilukhlod's General Store.
  3219 | D:5      | Bought a potion of curing for 42 gold pieces
  3219 | D:5      | Bought a potion of heal wounds for 70 gold pieces
  3297 | D:5      | Found a stormy altar of Qazlal.
  3407 | D:5      | Reached skill level 5 in Armour
  3446 | D:5      | Noticed Menkaure
  3455 | D:5      | Killed Menkaure
  3525 | D:5      | Identified the +3 pair of boots of the Eternal Fruit {+Inv
                  | rPois Will- Int+6}
  3553 | D:5      | Reached skill level 1 in Throwing
  3744 | D:5      | Noticed Duvessa
  3744 | D:5      | Noticed Dowan
  3752 | D:5      | Killed Duvessa
  3753 | D:5      | Gained mutation: You are completely covered in sharp
                  | spines. [demonic ancestry]
  3753 | D:5      | Reached XP level 9. HP: 69/72 MP: 9/9
  3755 | D:5      | Killed Dowan
  3936 | D:6      | Reached **** piety under Trog
  4024 | D:6      | Found Cugafru's Assorted Antiques.
  4085 | D:6      | Noticed Jeremiah
  4109 | D:6      | Killed Jeremiah
  4110 | D:6      | Reached skill level 5 in Throwing
  4189 | D:6      | Noticed Eustachio
  4192 | D:6      | Killed Eustachio
  4207 | D:6      | Noticed Edmund
  4212 | D:6      | Killed Edmund
  4362 | D:6      | Found a staircase to the Ecumenical Temple.
  4648 | D:7      | Reached skill level 1 in Evocations
  4656 | D:7      | Gained mutation: Spells you cast may paralyse adjacent
                  | enemies. [demonic ancestry]
  4656 | D:7      | Reached XP level 10. HP: 79/79 MP: 10/10
  5398 | D:8      | Found Lusiaf's General Store.
  5406 | D:8      | Bought a scroll of blinking for 105 gold pieces
  6134 | D:9      | Noticed Harold
  6150 | D:9      | Killed Harold
  6227 | D:9      | Reached ***** piety under Trog
  6228 | D:9      | Reached skill level 5 in Dodging
  6228 | D:9      | Reached skill level 5 in Evocations
  6306 | D:9      | Noticed a two-headed ogre
  6315 | D:9      | Killed a two-headed ogre
  7213 | D:10     | Entered Level 10 of the Dungeon
  7393 | D:10     | Gained mutation: You are completely covered in icy blue
                  | scales. (AC +4, rC+) [demonic ancestry]
  7393 | D:10     | Reached XP level 11. HP: 64/84 MP: 7/11
  7790 | D:10     | Found a staircase to the Orcish Mines.
  7940 | D:10     | Found a basalt altar of Yredelemnul.
  7959 | D:11     | Noticed a boulder beetle
  8277 | D:11     | Noticed a two-headed ogre
  8283 | D:11     | Killed a two-headed ogre
  8311 | D:11     | Found a staircase to the Lair.
  8627 | D:11     | Found a runed translucent gate.
  8628 | D:11     | Found a runed translucent gate.
  8653 | D:11     | Found a runed translucent gate.
  8653 | D:11     | Noticed a minotaur
  8655 | D:11     | Noticed Marvel's ghost (journeyman SpCj)
  8942 | Lair:1   | Entered Level 1 of the Lair of Beasts
  9139 | Lair:1   | Reached skill level 10 in Polearms
  9393 | Lair:1   | Noticed a catoblepas
  9416 | Lair:1   | Killed a catoblepas
  9765 | Lair:2   | Found a staircase to the Shoals.
  9902 | Lair:2   | Reached XP level 12. HP: 94/94 MP: 12/12
 10257 | Lair:2   | Reached skill level 10 in Fighting
 10314 | Lair:2   | Received a gift from Trog
 11096 | Lair:3   | Found a staircase to the Snake Pit.
 11402 | Lair:3   | Noticed a five-headed hydra
 11408 | Lair:3   | Killed a five-headed hydra
 12030 | Lair:3   | Noticed a six-headed hydra
 12050 | Lair:3   | Killed a six-headed hydra
 12636 | Lair:4   | Gained mutation: Your touch may inflict irresistible damage
                  | on your foes. [demonic ancestry]
 12636 | Lair:4   | Reached XP level 13. HP: 97/103 MP: 11/13
 12873 | Lair:4   | Noticed a quicksilver ooze
 12878 | Lair:4   | Killed a quicksilver ooze
 13156 | Lair:4   | Found a staircase to the Slime Pits.
 13447 | Lair:4   | Reached skill level 10 in Armour
 13447 | Lair:4   | Reached skill level 10 in Dodging
 13612 | Lair:5   | Entered Level 5 of the Lair of Beasts
 13729 | Lair:5   | Reached ****** piety under Trog
 14644 | Lair:5   | Gained mutation: Spells you cast may paralyse nearby
                  | enemies. [demonic ancestry]
 14644 | Lair:5   | Reached XP level 14. HP: 103/110 MP: 11/14
 14686 | Lair:5   | Reached skill level 10 in Evocations
 14688 | Lair:5   | Received a gift from Trog
 14783 | Lair:5   | Found a large runed translucent door.
 14783 | Lair:5   | Found a large runed translucent door.
 15035 | Lair:5   | Reached skill level 10 in Throwing
 17397 | D:12     | Noticed Azrael
 17409 | D:12     | Killed Azrael
 18698 | D:13     | Identified a scroll of acquirement
 18698 | D:13     | Acquired the +3 warlock's mirror {omnireflect}
 18698 | D:13     | Found the +3 warlock's mirror {omnireflect}
 18912 | D:13     | Reached skill level 1 in Shields
 19453 | D:14     | Received a gift from Trog
 19743 | D:14     | Found a shadowy altar of Dithmenos.
 19903 | D:14     | Reached skill level 5 in Shields
 20303 | D:14     | Found a gate to the Vaults.
 20484 | D:15     | Entered Level 15 of the Dungeon
 20486 | D:15     | Found a radiant altar of Vehumet.
 20728 | D:15     | Gained mutation: Your touch may irresistibly damage your
                  | foes and sap their willpower. [demonic ancestry]
 20728 | D:15     | Reached XP level 15. HP: 54/115 MP: 4/15
 21605 | D:15     | Found a staircase to the Depths.
 22268 | D:15     | Found a radiant altar of Vehumet.
 22382 | D:15     | Found a staircase to the Depths.
 22756 | Orc:1    | Entered Level 1 of the Orcish Mines
 23204 | Orc:1    | Received a gift from Trog
 24052 | Orc:2    | Entered Level 2 of the Orcish Mines
 24703 | Orc:2    | Paralysed by an orc sorcerer for 3 turns
 24708 | Orc:1    | Paralysed by an orc sorcerer for 3 turns
 25005 | Orc:2    | Found Muto Puk's Jewellery Boutique.
 25012 | Orc:2    | Found Lakkutil's General Store.
 25086 | Orc:2    | Found Wuniy's Antique Weapon Boutique.
 25170 | Orc:2    | Found a shimmering altar of Xom.
 25273 | Orc:2    | Found Qazau's Antique Armour Emporium.
 25280 | Orc:2    | Reached skill level 10 in Shields
 25304 | Orc:2    | Bought a runed cloak for 232 gold pieces
 25312 | Orc:2    | Found a staircase to the Elven Halls.
 25400 | Orc:2    | Found Xinisuv's General Store.
 25592 | Shoals:1 | Entered Level 1 of the Shoals
 26883 | Shoals:1 | Identified the amulet of Maggigg {Faith Str+2 Int+2}
 26896 | Shoals:1 | Received a gift from Trog
 27451 | Shoals:1 | Gained mutation: Spells you cast and wands you use may
                  | paralyse nearby enemies. [demonic ancestry]
 27451 | Shoals:1 | Reached XP level 16. HP: 104/125 MP: 12/16
 27695 | Shoals:1 | Noticed a kraken
 27710 | Shoals:1 | Killed a kraken
 28336 | Shoals:2 | Noticed a kraken
 28362 | Shoals:2 | Killed a kraken
 28769 | Shoals:2 | Noticed a kraken
 28787 | Shoals:2 | Killed a kraken
 29377 | Shoals:3 | Noticed Jorgrun
 29377 | Shoals:3 | Found Omman's General Store.
 29377 | Shoals:3 | Found Efyv's Specific Store.
 29513 | Shoals:3 | Acquired a manual of Dodging
 29734 | Shoals:3 | Killed Jorgrun
 29847 | Shoals:3 | Noticed Ilsuiw
 30271 | Shoals:3 | Killed Ilsuiw
 31222 | Shoals:4 | Entered Level 4 of the Shoals
 31248 | Shoals:4 | Received a gift from Trog
 31798 | Shoals:4 | Found Zin Joaw's Assorted Antiques.
 31801 | Shoals:4 | Bought a shiny helmet for 292 gold pieces
 31850 | Shoals:4 | Reached skill level 15 in Fighting
 32528 | Shoals:4 | Identified the +9 quarterstaff of Dividends {venom, Fly
                  | Int+3}
 32956 | Shoals:4 | Identified the +0 cloak "Esheidoh" {rF+ rN++}
 33129 | Shoals:4 | Got a barnacled rune of Zot
 33167 | Shoals:4 | Reached XP level 17. HP: 129/142 MP: 13/17
 33890 | Snake:1  | Entered Level 1 of the Snake Pit
 33955 | Snake:1  | Received a gift from Trog
 34780 | Snake:1  | Found Feujode's Jewellery Boutique.
 34784 | Snake:1  | Found Muonoan's Book Emporium.
 34785 | Snake:1  | Found Ymuohenk's Jewellery Boutique.
 34795 | Snake:1  | Bought a ring of see invisible for 210 gold pieces
 35317 | Snake:2  | Noticed Roxanne
 35337 | Snake:2  | Killed Roxanne
 36026 | Snake:3  | Identified the +5 scale mail of Nemelex Xobeh's Grace {rC-
                  | Int+6 Dex-3 Stlth+}
 36064 | Snake:3  | Noticed Vashnia
 36087 | Snake:3  | Noticed Donald
 36112 | Snake:3  | Killed Donald
 36150 | Snake:3  | Killed Vashnia
 36210 | Snake:3  | Identified the serpent talisman of Buseimel {rElec rCorr
                  | Str+2}
 36210 | Snake:3  | Noticed Aizul
 36221 | Snake:3  | Killed Aizul
 36585 | Snake:3  | Received a gift from Trog
 37323 | Snake:4  | Entered Level 4 of the Snake Pit
 37543 | Snake:4  | Found Efofuer's Book Emporium.
 37656 | Snake:4  | Reached skill level 15 in Dodging
 38599 | Snake:4  | Found a shimmering altar of Xom.
 38902 | Snake:4  | Reached XP level 18. HP: 48/149 MP: 18/18
 39370 | Snake:4  | Killed from afar by a nagaraja

Illustrated notes

Levels and vault maps discovered:
D:1:      lightli_arrival_farm, layout_basic, chequers_ecumenical_altar_twisty,
          minmay_misc_feat_nine_boxes
D:2:      layout_basic, basic_altar, uniq_sigmund, uniq_crazy_yiuf_cottage,
          uniq_terence
D:3:      layout_loops_ring, minmay_liquid_box, kennysheep_potato
D:4:      layout_cave_pools, xom_teletrap_fun, mainiacjoe_overflow_chevrons,
          uniq_blork_the_orc, uniq_grinder, uniq_pikel
D:5:      layout_basic, nicolae_qazlal_eye_of_the_storm,
          nicolae_wooded_promenade, st_stairs_10, uniq_duvessa, uniq_menkaure
D:6:      layout_loops_ring, minmay_temple_entry_tees, serial_shops,
          nicolae_shop_competitors_out_of_business,
          eino_small_chamber_without_monster, hellmonk_no_cap, uniq_edmund,
          uniq_eustachio, uniq_jeremiah
D:7:      layout_rooms, serial_aquarium, aquarium_bridge_straight
          [aquarium_subvault_bridge, aquarium_subvault_wall,
          aquarium_subvault_bridge, aquarium_subvault_balcony],
          aquarium_bridge_square [aquarium_subvault_bridge,
          aquarium_subvault_wall, aquarium_subvault_bridge,
          aquarium_subvault_window], aquarium_window_2, aquarium_window_fake,
          aquarium_window_corridor_2, aquarium_window_fake, aquarium_view_2c,
          aquarium_view_2d
D:8:      layout_loops_ring, serial_shops, shop
D:9:      layout_basic, uniq_harold
D:10:     layout_basic, amethyst_overflow_temple_binary, orc_0_dummy
D:11:     layout_cave_pods, erik_lair_island, maelrawn_ghost_gauntlet_escape
D:12:     layout_basic, uniq_azrael
D:13:     layout_basic
D:14:     layout_gridville, hellmonk_vaults_attempted_burglary,
          grunt_dithmenos_smoke
D:15:     hangedman_depths_entry_try_elsewhere_first, layout_small_grid,
          minmay_hedge_maze, serial_undead, serial_undead_a, serial_undead_e,
          serial_undead_a, serial_undead_b, serial_undead_e,
          nicolae_vehumet_radiance
Lair:1:   layout_gridlike, serial_bayou_shore_a
Lair:2:   layout_cave_pods, minmay_shoals_entry_beasts
Lair:3:   layout_roguey [special_room_bee], nicolae_snake_entry_warm_welcome,
          lemuel_fruit_tree
Lair:4:   layout_gridlike, minmay_slime_entry_jelly_boxes,
          nicolae_lair_time_for_slime
Lair:5:   cheibrodos_lair_end_hotspot, layout_long_grid
Shoals:1: layout_shoals
Shoals:2: layout_shoals
Shoals:3: layout_shoals, nicolae_specific_store, uniq_ilsuiw, uniq_jorgrun
Shoals:4: shoals_end_grunt_ice, layout_shoals, serial_shops,
          nicolae_shop_tiny_real_fake_doors
Snake:1:  layout_misc_corridors, eino_curves_02, minmay_shop_grove
Snake:2:  layout_gridlike, uniq_roxanne
Snake:3:  layout_concentric_octagons, uniq_donald, uniq_vashnia, uniq_aizul
Snake:4:  snake_pit_salamanders_mu, layout_grid_shapes, basic_altar,
          serial_shops, nicolae_book_shop_shelving, st_stairs_2
Orc:1:    cheibrodos_orc_arena, layout_diamond_mine, basic_altar
Orc:2:    grunt_orc_gardens, layout_caves, grunt_orc_garden, grunt_orc_garden,
          grunt_orc_garden, grunt_orc_garden, basic_altar, serial_shops, shop

Skill      XL: |  1  2  3  4  5  6  7  8  9 10 11 12 13 14 15 16 17 |
---------------+----------------------------------------------------+-----
Polearms       | 3 4 6 7 10 12 14 | 14.0
Fighting       | 6 7 8 10 11 15 | 15.0
Armour         | 6 7 9 10 12 | 12.4
Throwing       | 2 7 9 10 | 10.0
Dodging        | 2 6 7 9 10 11 15 | 15.1
Evocations     | 1 6 7 9 10 13 | 13.8
Shields        | 6 10 | 10.0

Action                     |  1- 3 |  4- 6 |  7- 9 | 10-12 | 13-15 | 16-18 || total
---------------------------+-------+-------+-------+-------+-------+-------++-------
  Melee: Spear             |    87 |    86 |   155 |       |       |       ||   328
         Touch             |       |     6 |    34 |   101 |   128 |       ||   269
         Punch             |       |     1 |     1 |    13 |     6 |       ||    21
         Trident           |       |       |    43 |   586 |   970 |       ||  1599
         Demon trident     |       |       |       |       |   362 |  1048 ||  1410
  Throw: Stone             |       |       |       |     1 |       |       ||     1
         Boomerang         |       |       |       |       |     6 |    64 ||    70
         Dart              |       |       |       |       |       |     2 ||     2
 Invoke: Berserk           |     1 |       |       |     1 |    13 |     4 ||    19
         Trog's Hand       |       |       |       |     1 |     8 |     8 ||    17
         Brothers in Arms  |       |       |       |       |       |     3 ||     3
    Use: Scroll            |     2 |     4 |     1 |    16 |    11 |    14 ||    48
         Potion            |       |       |       |       |     2 |     5 ||     7
   Stab: Sleeping          |     1 |       |       |       |       |       ||     1
         Distracted        |       |       |       |     4 |    28 |     2 ||    34
 Armour: Animal skin       |     8 |       |       |       |       |       ||     8
         Chain mail        |    32 |    44 |    68 |   312 |   498 |       ||   954
         Plate armour      |       |       |       |       |   222 |   746 ||   968
  Dodge: Dodged            |    27 |    16 |    34 |   240 |   467 |   418 ||  1202
  Block: Buckler           |       |       |       |       |   330 |   360 ||   690
         Reflection        |       |       |       |       |    45 |    76 ||   121
         Kite shield       |       |       |       |       |       |   180 ||   180
